 Dungeon Crawl Stone Soup version 0.29-a0-878-g7b45a56547 (webtiles) character file.

Game seed: 2402795952221353700

787 LynnLen the Covert (level 7, -3/40 HPs)
             Began as a Vampire Enchanter on July 19, 2022.
             Slain by a bullfrog (7 damage)
             ... in a sewer.
             The game lasted 00:13:05 (5221 turns).

LynnLen the Covert (Vampire Enchanter)              Turns: 5221, Time: 00:13:05

Health: -3/40      AC:  6    Str: 13    XL:     7   Next: 56%
Magic:  9/10       EV: 12    Int: 18    God:
Gold:   175        SH:  3    Dex: 16    Spells: 4/10 levels left

rFire   . . .      SeeInvis +   a - +2 dagger
rCold   + + .      Faith    .   m - +0 buckler
rNeg    + + +      Spirit   .   l - +0 leather armour
rPois   ∞          Reflect  .   (no helmet)
rElec   .          Harm     .   t - +0 cloak
rCorr   .          Rampage  .   k - +1 pair of gloves
Will    .....                   (no boots)
Stlth   +++.......              i - amulet of magic regeneration
HPRegen 0.00/turn               h - +6 ring of strength
MPRegen 0.52/turn               (no ring)

@: mighty, brilliant, confusing by touch, bloodless, inhibited regen, hasted,
slow
A: bloodless, fangs 3, see invisible, vampiric 2
a: Bat Form, Revivify


You were in a sewer.
You visited 2 branches of the dungeon, and saw 6 of its levels.
You also visited: Sewer.

You collected 175 gold pieces.

Inventory:

Hand Weapons
 a - a +2 dagger (weapon)
Missiles
 f - 5 atropa-tipped darts (quivered)
Armour
 b - a +0 robe
 k - a +1 pair of gloves (worn)
 l - a +0 leather armour (worn)
 m - a +0 buckler (worn)
 t - a +0 cloak (worn)
Jewellery
 h - a +6 ring of strength (left hand)
 i - an amulet of magic regeneration (around neck)
 s - a ring of protection from fire
Wands
 e - a wand of flame (37)
 y - a wand of iceblast (14)
Scrolls
 o - a scroll of poison
 u - 2 scrolls of enchant armour
 v - 2 scrolls of teleportation
 x - a scroll of blinking
 C - a scroll of identify
Potions
 d - 2 potions of flight
 g - a potion of lignification {unknown}
 j - a potion of brilliance
 n - a potion of attraction {unknown}
 p - 4 potions of magic {unknown}
 q - 2 potions of haste
 r - a potion of berserk rage {unknown}
 w - a potion of ambrosia {unknown}
 z - a potion of cancellation {unknown}
 A - a potion of mutation {unknown}
 B - a potion of heal wounds {unknown}


   Skills:
 * Level 2.8 Fighting
 * Level 6.2 Short Blades
 + Level 3.2 Dodging
 + Level 8.6 Stealth
 - Level 2.0 Spellcasting
 - Level 4.4 Hexes


You had 4 spell levels left.
You knew the following spells:

 Your Spells              Type           Power      Damage    Failure   Level
a - Confusing Touch       Hex            26%        N/A       16%         3
b - Tukima's Dance        Hex            26%        N/A       16%         3

Your spell library contained the following spells:

 Spells                   Type           Power      Damage    Failure   Level
 Ensorcelled Hibernation  Hex/Ice        28%        N/A       21%         2
 Dazzling Flash           Conj/Hex       28%        N/A       36%         3
 Static Discharge         Conj/Air       2%         3-4/arc   43%         2
 Lightning Bolt           Conj/Air       1%         1d12      100%        5
 Maxwell's Capacitive Co  Air            1%         ∞         100%        8


Dungeon Overview and Level Annotations

Branches:
Dungeon (5/15)             Temple (1/1) D:4           Sewer (1/1)

Altars:
Ashenzari
Cheibriados
Fedhas
Gozag
Hepliaklqana
Kikubaaqudgha
Makhleb
Nemelex Xobeh
Okawaru
Qazlal
Ru
Uskayaw
Vehumet
Wu Jian
Xom
Yredelemnul

Shops:
D:1 !   D:5 **


Innate Abilities, Weirdness & Mutations

You do not regenerate when monsters are visible.
You are frail without blood (-20% HP).
You can heal yourself when you bite living creatures.
You are immune to poison.
You have razor-sharp teeth.
You have supernaturally acute eyesight. (SInv)
You are afflicted with vampirism and can become a bat while bloodless.


Message History

The adder hisses angrily.
You hit the bullfrog but do no damage. The bullfrog hits you.
The adder bites you but does no damage.
You hit the bullfrog.
The bullfrog is moderately wounded.
The bullfrog hits you.
The frilled lizard bites you but does no damage.
The bullfrog hits you. The adder closely misses you.
You hit the bullfrog.
The bullfrog is heavily wounded.
The bullfrog hits you but does no damage.
Your unstable footing causes you to fumble your attack.
The bullfrog closely misses you. The frilled lizard bites you.
The bullfrog closely misses you.
It was a potion of brilliance.
You feel clever all of a sudden. The adder barely misses you.
The bullfrog closely misses you. The adder closely misses you.
The bullfrog closely misses you. The frilled lizard closely misses you.
Casting: Confusing Touch (dangerous; 16% risk of failure)
Confirm with . or Enter, or press ? or * to list all spells.
You feel a surge of power!
Your hands begin to glow red.
The bullfrog closely misses you. The adder bites you but does no damage.
You block the adder's attack. The bullfrog hits you.
Your unstable footing causes you to fumble your attack.
The bullfrog hits you.
The frilled lizard bites you but does no damage.
The adder bites you but does no damage.
Your unstable footing causes you to fumble your attack.
The bullfrog hits you.
* * * LOW HITPOINT WARNING * * *
The adder bites you.
* * * LOW HITPOINT WARNING * * *
The bullfrog misses you.
It was a potion of might.
You feel very mighty all of a sudden. The adder bites you but does no damage.
The bullfrog hits you.
* * * LOW HITPOINT WARNING * * *
You block the frilled lizard's attack. The bullfrog hits you!
You die...

#≈≈.!≈≈#
#≈≈≈≈≈≈#
#≈≈≈≈≈≈#
#≈≈≈≈.≈#
#≈≈≈≈≈≈#
#≈≈≈≈.≈#
#≈≈≈≈≈≈#
#≈≈≈≈≈≈#
#≈≈≈≈≈≈#
#≈≈≈≈#≈#
#≈≈≈≈≈≈#
#≈≈≈≈≈≈#
#≈≈≈≈≈≈#
#≈≈≈≈≈≈#
#≈≈≈≈≈≈#
#SS≈≈≈≈#
###≈≈≈≈≈≈#
#@F≈≈≈≈#
.##.≈≈≈≈##
#Fl≈≈≈.#
.##......#
#S.....#
##......##
#......#
........#
+......#
.......##
##....##
......##
######
.###### ##


You could see 2 bullfrogs, 3 adders and a frilled lizard.

Vanquished Creatures
  Grinder (D:5)
  2 black bears
  An ogre (D:4)
  A phantom (D:5)
  Crazy Yiuf (D:2)
  An iguana (D:5)
  7 adders
  2 river rats
  2 worms
  3 dart slugs
  7 orcs
  12 ball pythons
  5 bats
  2 endoplasms (D:1)
  3 giant cockroaches
  5 goblins
  3 hobgoblins
  12 quokkas
  3 frilled lizards
  6 kobolds
  33 rats
112 creatures vanquished.

Vanquished Creatures (others)
  4 toadstools (D:1)
4 creatures vanquished.

Grand Total: 116 creatures vanquished

Notes
Turn   | Place    | Note
-------+----------+-------------------------------------------
     0 | D:1      | LynnLen the Vampire Enchanter began the quest for the Orb.
     0 | D:1      | Reached XP level 1. HP: 13/13 MP: 3/3
    75 | D:1      | Reached XP level 2. HP: 16/16 MP: 5/5
   287 | D:1      | Reached skill level 5 in Stealth
   473 | D:1      | Reached skill level 1 in Fighting
   607 | D:1      | Found Rycaf's Distillery.
   729 | D:1      | Found a faded altar of an unknown god.
  1047 | D:2      | Gained mutation: You are afflicted with vampirism and can
                  | become a bat while bloodless. [Vampire growth]
  1047 | D:2      | Reached XP level 3. HP: 20/20 MP: 6/6
  1680 | D:2      | Found a runed translucent door.
  1681 | D:2      | Noticed Crazy Yiuf
  1820 | D:2      | Killed Crazy Yiuf
  1821 | D:2      | Reached skill level 6 in Stealth
  1821 | D:2      | Reached XP level 4. HP: 21/25 MP: 7/7
  2914 | D:4      | Found a staircase to the Ecumenical Temple.
  2919 | D:4      | Noticed a black bear
  2922 | D:4      | Killed a black bear
  2923 | D:4      | Reached XP level 5. HP: 30/30 MP: 8/8
  2930 | Temple   | Entered the Ecumenical Temple
  3382 | D:4      | Noticed an ogre
  3392 | D:4      | Killed an ogre
  3393 | D:4      | Reached skill level 7 in Stealth
  3393 | D:4      | Reached XP level 6. HP: 28/35 MP: 9/9
  3399 | D:4      | Learned a level 3 spell: Confusing Touch
  3403 | D:4      | Learned a level 3 spell: Tukima's Dance
  3860 | D:5      | Entered Level 5 of the Dungeon
  3882 | D:5      | Found Mihyro's Specific Store.
  3885 | D:5      | Found Picymergh's General Store.
  4251 | D:5      | Noticed Grinder
  4282 | D:5      | Paralysed by Grinder for 5 turns
  4317 | D:5      | Reached skill level 5 in Short Blades
  4352 | D:5      | Killed Grinder
  4353 | D:5      | Reached skill level 8 in Stealth
  4353 | D:5      | Reached XP level 7. HP: 16/40 MP: 10/10
  4392 | D:5      | Found an ancient bone altar of Kikubaaqudgha.
  4482 | D:5      | Found a glowing drain.
  4490 | Sewer    | Entered a sewer
  5221 | Sewer    | Slain by a bullfrog

Illustrated notes

Levels and vault maps discovered:
D:1:      ldierk_walled_garden_2, layout_basic, serial_shops, shop,
          basic_ecumenical_altar, roderic_cross_of_infinity
D:2:      kennysheep_big_flooded_room, layout_loops_cross, grunt_ministairs_7,
          uniq_crazy_yiuf_cottage
D:3:      layout_basic
D:4:      layout_layer_cave, minmay_temple_entry_butterflies
D:5:      wander_river, layout_loops_ring, mainiacjoe_overflow_paths,
          gup_sewer_entry_spiral, nicolae_specific_store, uniq_grinder
Temple:   regret_index_temple_chain_breaker
Sewer:    sewer_minmay_w

Skill      XL: |  1  2  3  4  5  6 |
---------------+-------------------+-----
Stealth        | 5 6 7 8 |  8.6
Fighting       | 1 2 |  2.8
Short Blades   | 2 3 4 6 |  6.2
Dodging        | 3 |  3.2
Spellcasting   | |  2.0
Hexes          | |  4.4

Action                   |  1- 3 |  4- 6 |  7- 9 || total
-------------------------+-------+-------+-------++-------
Melee: Dagger            |    92 |    88 |   150 ||   330
       Bite              |    11 |    13 |     8 ||    32
 Cast: Confusing Touch   |       |     2 |     3 ||     5
 Abil: Exsanguinate      |     1 |       |       ||     1
  Use: Scroll            |     3 |     6 |       ||     9
       Potion            |     1 |     1 |     3 ||     5
 Stab: Sleeping          |    23 |     9 |    10 ||    42
       Invisible         |     1 |     1 |       ||     2
       Confused          |       |     1 |       ||     1
Armor: Leather armour    |     7 |    11 |    89 ||   107
       Robe              |     1 |       |       ||     1
Dodge: Dodged            |    45 |    33 |   122 ||   200
Block: Buckler           |     3 |     5 |    38 ||    46

Table legend: (Time is in decaauts)
 A = Elapsed time spent in this place.
 B = Non-inter-level travel time spent in this place.
 C = Inter-level travel time spent in this place.
 D = Time resting spent in this place.
 E = Time spent auto-exploring this place.
 F = Levels seen in this place.
 G = Mean time per level.
                   A        B        C        D        E       F      G
               +--------+--------+--------+--------+--------+-----+--------+
         Total |   5235 |   5235 |      0 |    473 |   2758 |   7 |  747.9 |
       Dungeon |   4355 |   4355 |      0 |     91 |   2638 |   5 |  871.0 |
        Temple |    140 |    140 |      0 |      0 |    104 |   1 |  140.0 |
         Sewer |    739 |    739 |      0 |    382 |     15 |   1 |  739.0 |
               +--------+--------+--------+--------+--------+-----+--------+

Top non-repeatable levels by time:
     D:4: 1113 daAuts
     D:1: 1039 daAuts
     D:2: 861 daAuts
   Sewer: 739 daAuts
     D:3: 680 daAuts
     D:5: 660 daAuts
  Temple: 140 daAuts
